PAA
CASPER GHOSTS @ MYRTLE BEACH MERMEN
08/10/2022
 
TOP OF THE 1ST
Casper Ghosts batting - Pitching for Myrtle Beach Mermen : RHP Willis Parker
Pitching: RHP Willis Parker
Batting: LHB Harrison Jones 0-0: Ball
1-0: Ball
2-0: Swinging Strike
2-1: Ball
3-1: Fly out, F7 (Flyball, 7D)
Batting: SHB Alonso Rodríguez 0-0: Ball
1-0: Called Strike
1-1: Fly out, F7 (Flyball, 7S)
Batting: RHB Lorenzo Díaz 0-0: Called Strike
0-1: Ball
1-1: Swinging Strike
1-2: Ground out 6-3 (Groundball, 6)
Top of the 1st over - 0 run(s), 0 hit(s), 0 error(s), 0 left on base; Casper 0 - Myrtle Beach 0
BOTTOM OF THE 1ST
Myrtle Beach Mermen batting - Pitching for Casper Ghosts : RHP Wallace Elgie
Pitching: RHP Wallace Elgie
Batting: RHB Matt Love 0-0: Ball
1-0: Foul Ball, location: 2F
1-1: Ball
2-1: Foul Ball, location: 2F
2-2: SINGLE (Line Drive, 4MD)
Batting: LHB Arturo Acevedo 0-0: Swinging Strike
0-1: Ball
1-1: Swinging Strike
1-2: Ball
2-2: Ball
3-2: Fielders Choice at 2nd, 3-6 (Groundball, 3)
Batting: RHB Álex Rodríguez 0-0: Called Strike
Arturo Acevedo is caught stealing 2nd base
0-1: Ball
1-1: Ground out 5-3 (Groundball, 5)
Bottom of the 1st over - 0 run(s), 1 hit(s), 0 error(s), 0 left on base; Casper 0 - Myrtle Beach 0
TOP OF THE 2ND
Casper Ghosts batting - Pitching for Myrtle Beach Mermen : RHP Willis Parker
Batting: RHB Phil Baker 0-0: Ball
1-0: Swinging Strike
1-1: Reached on error, E6 (Groundball, 6)
Batting: SHB José Juárez 0-0: Fly out, F9 (Flyball, 89D)
Batting: RHB Mark Davis 0-0: Called Strike
0-1: Ball
1-1: Ball
2-1: Swinging Strike
2-2: Strikes out looking
Batting: RHB Dave Young 0-0: Foul Ball, location: 2F
0-1: Foul Ball, location: 2F
0-2: SINGLE (Line Drive, 4D)
Phil Baker to third
Runner from 3rd tries for Home, SAFE, throw made home
Batting: RHB Juan García 0-0: Called Strike
0-1: Ground out 6-3 (Groundball, 6)
Top of the 2nd over - 1 run(s), 1 hit(s), 1 error(s), 1 left on base; Casper 1 - Myrtle Beach 0
BOTTOM OF THE 2ND
Myrtle Beach Mermen batting - Pitching for Casper Ghosts : RHP Wallace Elgie
Batting: RHB Alfredo López 0-0: Foul Ball, location: 2F
0-1: Foul Ball, location: 2F
0-2: Ball
1-2: Foul Ball, location: 2F
1-2: Foul Ball, location: 2F
1-2: Ground out 5-3 (Groundball, 56S)
Batting: LHB Joe Cashmore 0-0: Fly out, F7 (Flyball, 7D)
Batting: RHB Javier Robles 0-0: Called Strike
0-1: Ball
1-1: SINGLE (Groundball, 4MD)
Batting: SHB Val Brown 0-0: Foul Ball, location: 2F
0-1: Ball
1-1: Fly out, F7 (Line Drive, 7M)
Bottom of the 2nd over - 0 run(s), 1 hit(s), 0 error(s), 1 left on base; Casper 1 - Myrtle Beach 0
TOP OF THE 3RD
Casper Ghosts batting - Pitching for Myrtle Beach Mermen : RHP Willis Parker
Batting: LHB Jim Unknown 0-0: Called Strike
0-1: Ball
1-1: Ball
2-1: Ball
3-1: SINGLE (Groundball, 4MD)
Batting: LHB Harrison Jones 0-0: Ball
1-0: SINGLE (Flyball, 7S)
Jim Unknown to second
Batting: SHB Alonso Rodríguez 0-0: Called Strike
0-1: Ball
1-1: Called Strike
1-2: Grounds into double play, 1-6-3 (Groundball, 15)
Jim Unknown to third
Batting: RHB Lorenzo Díaz 0-0: Fly out, F4 (Line Drive, 4)
Top of the 3rd over - 0 run(s), 2 hit(s), 0 error(s), 1 left on base; Casper 1 - Myrtle Beach 0
BOTTOM OF THE 3RD
Myrtle Beach Mermen batting - Pitching for Casper Ghosts : RHP Wallace Elgie
Batting: RHB António Ruíz 0-0: Foul Ball, location: 2F
0-1: Foul Ball, location: 2F
0-2: Fly out, F5 (Popup, 5SF)
Batting: RHB Jorge Reyes 0-0: Called Strike
0-1: Ball
1-1: Ground out 1-3 (Groundball, 23)
Batting: RHB Matt Love 0-0: Foul Ball, location: 2F
0-1: Ball
1-1: Ball
2-1: Ball
3-1: Base on Balls
Batting: LHB Arturo Acevedo 0-0: Ball
1-0: Fly out, F6 (Popup, 6D)
Bottom of the 3rd over - 0 run(s), 0 hit(s), 0 error(s), 1 left on base; Casper 1 - Myrtle Beach 0
TOP OF THE 4TH
Casper Ghosts batting - Pitching for Myrtle Beach Mermen : RHP Willis Parker
Batting: RHB Phil Baker 0-0: Called Strike
0-1: Called Strike
0-2: Ball
1-2: Ball
2-2: Foul Ball, location: 2F
2-2: Foul Ball, location: 2F
2-2: Foul Ball, location: 2F
2-2: Foul Ball, location: 2F
2-2: SINGLE (Line Drive, 9S)
Batting: SHB José Juárez 0-0: Foul Ball, location: 2F
0-1: Called Strike
0-2: Strikes out swinging
Batting: RHB Mark Davis 0-0: Ball
1-0: Foul Ball, location: 2F
1-1: Swinging Strike
1-2: SINGLE (Line Drive, 89S)
Phil Baker to second
Batting: RHB Dave Young 0-0: Swinging Strike
0-1: Ball
1-1: Ball
2-1: Foul Ball, location: 2F
2-2: Ball
3-2: Foul Ball, location: 2F
3-2: Grounds into double play, 5-4-3 (Groundball, 56)
Top of the 4th over - 0 run(s), 2 hit(s), 0 error(s), 1 left on base; Casper 1 - Myrtle Beach 0
BOTTOM OF THE 4TH
Myrtle Beach Mermen batting - Pitching for Casper Ghosts : RHP Wallace Elgie
Batting: RHB Álex Rodríguez 0-0: Ball
1-0: Swinging Strike
1-1: Swinging Strike
1-2: Ball
2-2: Foul Ball, location: 2F
2-2: Strikes out swinging
Batting: RHB Alfredo López 0-0: Fly out, F7 (Flyball, 7D)
Batting: LHB Joe Cashmore 0-0: Called Strike
0-1: Foul Ball, location: 2F
0-2: Ball
1-2: Ball
2-2: Ball
3-2: Fly out, F9 (Flyball, 9LS)
Bottom of the 4th over - 0 run(s), 0 hit(s), 0 error(s), 0 left on base; Casper 1 - Myrtle Beach 0
TOP OF THE 5TH
Casper Ghosts batting - Pitching for Myrtle Beach Mermen : RHP Willis Parker
Batting: RHB Juan García 0-0: Called Strike
0-1: Ball
1-1: Ground out 6-3 (Groundball, 6)
Batting: LHB Jim Unknown 0-0: Ball
1-0: Swinging Strike
1-1: Ball
2-1: Ball
3-1: Base on Balls
Batting: LHB Harrison Jones 0-0: Swinging Strike
0-1: Ball
1-1: Ball
2-1: Foul Ball, location: 2F
2-2: Ball
3-2: Base on Balls
Jim Unknown to second
Batting: SHB Alonso Rodríguez 0-0: Swinging Strike
0-1: Grounds into double play, 4-6-3 (Groundball, 4)
Top of the 5th over - 0 run(s), 0 hit(s), 0 error(s), 1 left on base; Casper 1 - Myrtle Beach 0
BOTTOM OF THE 5TH
Myrtle Beach Mermen batting - Pitching for Casper Ghosts : RHP Wallace Elgie
Batting: RHB Javier Robles 0-0: Called Strike
0-1: Swinging Strike
0-2: SINGLE (Groundball, 56D)
Batting: SHB Val Brown 0-0: Ball
1-0: Sac Bunt - play at first, batter OUT! 1-3
Javier Robles to second
Batting: RHB António Ruíz 0-0: Swinging Strike
0-1: Ball
1-1: Ball
2-1: Foul Ball, location: 2F
2-2: Foul Ball, location: 2F
2-2: Ball
3-2: Base on Balls
Batting: RHB Jorge Reyes 0-0: Foul Ball, location: 2F
0-1: Foul Ball, location: 2F
0-2: Hit by Pitch
Javier Robles to third
António Ruíz to second
Batting: RHB Matt Love 0-0: Ball
1-0: Called Strike
1-1: Ball
2-1: Foul Ball, location: 2F
2-2: Grounds into double play, 5-4-3 (Groundball, 5)
Bottom of the 5th over - 0 run(s), 1 hit(s), 0 error(s), 2 left on base; Casper 1 - Myrtle Beach 0
TOP OF THE 6TH
Casper Ghosts batting - Pitching for Myrtle Beach Mermen : RHP Willis Parker
Batting: RHB Lorenzo Díaz 0-0: Foul Ball, location: 2F
0-1: Swinging Strike
0-2: Foul Ball, location: 2F
0-2: Ball
1-2: Ball
2-2: DOUBLE (Flyball, 7M)
Batting: RHB Phil Baker 0-0: Called Strike
0-1: Swinging Strike
0-2: Ball
1-2: Strikes out swinging
Batting: SHB José Juárez 0-0: Called Strike
0-1: Ball
1-1: 2-RUN HOME RUN (Flyball, 89XD), Distance : 419 ft
Batting: RHB Mark Davis 0-0: Ground out 5-3 (Groundball, 56)
Batting: RHB Dave Young 0-0: SINGLE (Flyball, 8RS)
Pitching: LHP Jonathon Baker
Batting: RHB Juan García 0-0: Ball
1-0: Ball
2-0: Ball
3-0: Base on Balls
Dave Young to second
Batting: LHB Jim Unknown 0-0: Ball
1-0: Ball
2-0: Called Strike
2-1: Foul Ball, location: 2F
2-2: Foul Ball, location: 2F
2-2: Ground out U3 (Groundball, 3L)
Top of the 6th over - 2 run(s), 3 hit(s), 0 error(s), 2 left on base; Casper 3 - Myrtle Beach 0
BOTTOM OF THE 6TH
Myrtle Beach Mermen batting - Pitching for Casper Ghosts : RHP Wallace Elgie
Batting: LHB Arturo Acevedo 0-0: Ball
1-0: SINGLE (Groundball, 4MD)
Batting: RHB Álex Rodríguez 0-0: Ball
1-0: Fielders Choice at 2nd, 1-6 (Groundball, 15)
Batting: RHB Alfredo López 0-0: Foul Ball, location: 2F
0-1: Called Strike
0-2: Ball
1-2: Grounds into double play, 6-4-3 (Groundball, 6)
Bottom of the 6th over - 0 run(s), 1 hit(s), 0 error(s), 0 left on base; Casper 3 - Myrtle Beach 0
TOP OF THE 7TH
Casper Ghosts batting - Pitching for Myrtle Beach Mermen : LHP Jonathon Baker
Batting: LHB Harrison Jones 0-0: Ball
1-0: SINGLE (Line Drive, 34D)
Batting: SHB Alonso Rodríguez 0-0: Bunted foul
0-1: Ball
1-1: Ball
2-1: Sac Bunt - play at first, batter OUT! U3
Harrison Jones to second
Batting: RHB Lorenzo Díaz 0-0: Ball
1-0: Ball
2-0: Called Strike
2-1: Ball
3-1: Base on Balls
Batting: RHB Phil Baker 0-0: Ball
1-0: Called Strike
1-1: Ball
2-1: Foul Ball, location: 2F
2-2: Ground out 5-3 (Groundball, 5S)
Harrison Jones to third
Lorenzo Díaz to second
Batting: SHB José Juárez 0-0: Swinging Strike
0-1: Ball
1-1: Called Strike
1-2: Foul Ball, location: 2F
1-2: Ball
2-2: Ball
3-2: Strikes out swinging
Top of the 7th over - 0 run(s), 1 hit(s), 0 error(s), 2 left on base; Casper 3 - Myrtle Beach 0
BOTTOM OF THE 7TH
Myrtle Beach Mermen batting - Pitching for Casper Ghosts : RHP Wallace Elgie
Batting: LHB Joe Cashmore 0-0: Ball
1-0: Hit by Pitch
Batting: RHB Javier Robles 0-0: Bunted foul
0-1: Bunted foul
0-2: Ball
1-2: Fly out, F9 (Flyball, 9M)
Batting: SHB Val Brown 0-0: Ball
1-0: Fly out, F9 (Flyball, 89D)
Batting: RHB António Ruíz 0-0: Called Strike
0-1: Ball
1-1: Ball
2-1: Ball
3-1: Base on Balls
Joe Cashmore to second
Batting: RHB Jorge Reyes 0-0: Ball
1-0: SINGLE (Groundball, 56D) (infield hit)
Joe Cashmore to third
António Ruíz to second
Batting: RHB Matt Love 0-0: Ball
1-0: Fly out, F6 (Popup, 6MD)
Bottom of the 7th over - 0 run(s), 1 hit(s), 0 error(s), 3 left on base; Casper 3 - Myrtle Beach 0
TOP OF THE 8TH
Casper Ghosts batting - Pitching for Myrtle Beach Mermen : LHP Jonathon Baker
Batting: RHB Mark Davis 0-0: Ball
1-0: Ball
2-0: Called Strike
2-1: Called Strike
2-2: Strikes out looking
Batting: RHB Dave Young 0-0: Ball
1-0: Ball
2-0: Swinging Strike
2-1: Ball
3-1: Called Strike
3-2: Base on Balls
Pitching: RHP Kenny Ryan
Batting: RHB Juan García 0-0: Ball
1-0: Ball
2-0: Called Strike
2-1: Ball
3-1: Foul Ball, location: 2F
3-2: Base on Balls
Dave Young to second
Batting: LHB Jim Unknown 0-0: Fly out, F8 (Flyball, 8LXD)
Runner from 2nd tags up, SAFE at 3rd, no throw
Batting: LHB Harrison Jones 0-0: SINGLE (Groundball, 34D)
Dave Young scores
Juan García to second
Runner from 2nd tries for 3rd, SAFE, throw made to third
Batting: SHB Alonso Rodríguez 0-0: Swinging Strike
0-1: Foul Ball, location: 2F
0-2: Foul Ball, location: 2F
0-2: Ball
1-2: Foul Ball, location: 2F
1-2: Foul Ball, location: 2F
1-2: Foul Ball, location: 2F
1-2: Strikes out swinging
Top of the 8th over - 1 run(s), 1 hit(s), 0 error(s), 2 left on base; Casper 4 - Myrtle Beach 0
BOTTOM OF THE 8TH
Myrtle Beach Mermen batting - Pitching for Casper Ghosts : RHP Wallace Elgie
Batting: LHB Arturo Acevedo 0-0: Called Strike
0-1: Ground out 4-3 (Groundball, 4)
Pitching: LHP Ray Neely
Batting: RHB Álex Rodríguez 0-0: Ball
1-0: Ball
2-0: Ball
3-0: Base on Balls
Batting: RHB Alfredo López 0-0: Ball
1-0: Foul Ball, location: 2F
1-1: Foul Ball, location: 2F
1-2: Ball
2-2: Foul Ball, location: 2F
2-2: Ground out 3-1 (Groundball, 34)
Álex Rodríguez to second
Batting: LHB Joe Cashmore 0-0: Ball
1-0: Called Strike
1-1: Foul Ball, location: 2F
1-2: Ground out 4-3 (Groundball, 4)
Bottom of the 8th over - 0 run(s), 0 hit(s), 0 error(s), 1 left on base; Casper 4 - Myrtle Beach 0
TOP OF THE 9TH
Casper Ghosts batting - Pitching for Myrtle Beach Mermen : RHP Kenny Ryan
Pitching: RHP Manuel Carrión
Batting: RHB Lorenzo Díaz 0-0: Swinging Strike
0-1: Fly out, F3 (Popup, 34)
Batting: RHB Phil Baker 0-0: Ground out 5-3 (Groundball, 5S)
Batting: SHB José Juárez 0-0: Called Strike
0-1: Swinging Strike
0-2: Ball
1-2: DOUBLE (Flyball, 78M)
Batting: RHB Mark Davis 0-0: Ball
1-0: Ball
2-0: Ground out 6-3 (Groundball, 6)
Top of the 9th over - 0 run(s), 1 hit(s), 0 error(s), 1 left on base; Casper 4 - Myrtle Beach 0
BOTTOM OF THE 9TH
Myrtle Beach Mermen batting - Pitching for Casper Ghosts : LHP Ray Neely
Batting: RHB Javier Robles 0-0: Called Strike
0-1: Swinging Strike
0-2: Strikes out swinging
Batting: SHB Val Brown 0-0: Ball
1-0: Foul Ball, location: 2F
1-1: Ground out 6-3 (Groundball, 6)
Batting: RHB António Ruíz 0-0: Ball
1-0: Called Strike
1-1: Foul Ball, location: 2F
1-2: Ball
2-2: SINGLE (Groundball, 6MD)
Batting: RHB Jorge Reyes 0-0: Ball
1-0: Called Strike
1-1: Called Strike
1-2: Foul Ball, location: 2F
1-2: Foul Ball, location: 2F
1-2: Reached on error, E5 (Groundball, 56)
António Ruíz to second
Pitching: RHP Anthony Snyder
Batting: RHB Matt Love 0-0: Ball
Wild Pitch!
António Ruíz to third
Jorge Reyes to second
1-0: Ball
2-0: Foul Ball, location: 2F
2-1: Swinging Strike
2-2: Ball
3-2: Strikes out swinging
Bottom of the 9th over - 0 run(s), 1 hit(s), 1 error(s), 2 left on base; Casper 4 - Myrtle Beach 0
This league is powered by Out of the Park Baseball, the baseball management simulation game for PC, Mac and Linux
Friday, April 15th, 2016 - OOTP Baseball 16.9 Build 39